 Dungeon Crawl Stone Soup version 0.31.0 (webtiles) character file.

Game seed: 3377019251718842870

459 groovy9 the Caller (level 6, 32/32 HPs)
             Began as a Deep Elf Summoner on Jan 19, 2024.
             Was an Initiate of Vehumet.
             Quit the game on level 4 of the Dungeon.
             The game lasted 00:20:49 (3854 turns).

groovy9 the Caller (Deep Elf Summoner)              Turns: 3854, Time: 00:20:50

Health: 32/32      AC:  9    Str:  4    XL:     6   Next: 78%
Magic:  16/16      EV: 14    Int: 21    God:    Vehumet [......]
Gold:   187        SH:  0    Dex: 16    Spells: 9/15 levels left

rFire   . . .        r - staff of death
rCold   . . .        (no shield)
rNeg    + + +        p - +2 robe {rN+}
rPois   +            n - +0 helmet
rElec   .            a - +2 ratskin cloak {*Rats rPois rN+ Str-1 Int-1 Dex+1}
rCorr   .            (no gloves)
SInv    +            u - +0 pair of boots
Will    .....        (no amulet)
Stlth   +++          s - ring of see invisible
HPRegen 0.25/turn    k - ring of wizardry
MPRegen 0.15/turn

%: wizardry (x1)
@: no status effects
A: no striking features
a: Renounce Religion


You were on level 4 of the Dungeon.
You worshipped Vehumet.
Vehumet was noncommittal.
You visited 2 branches of the dungeon, and saw 5 of its levels.

You collected 187 gold pieces.

Inventory:

Armour
 a - the +2 ratskin cloak (worn) {*Rats rPois rN+ Str-1 Int-1 Dex+1}
   (You found it on level 3 of the Dungeon)

   *Rats:     When the wearer is hurt, rats may emerge from it to assist them.
   Str-1:     It affects your strength (-1).
   Int-1:     It affects your intelligence (-1).
   Dex+1:     It affects your dexterity (+1).
   rPois:     It protects you from poison rN+: It protects you from negative
   energy.
 i - a +0 pair of boots
 n - a +0 helmet (worn)
 p - a +2 robe of positive energy (worn)
 u - a +0 pair of boots (worn)
Magical Staves
 r - a staff of death (weapon)
Jewellery
 d - a ring of resist corrosion
 h - a +6 ring of dexterity
 k - a ring of wizardry (right hand)
 m - a ring of poison resistance
 s - a ring of see invisible (left hand)
Scrolls
 f - a scroll of revelation {unknown}
 g - a scroll of teleportation {unknown}
 q - a scroll of poison {unknown}
 t - a scroll of identify {unknown}
Potions
 b - a potion of magic
 c - a potion of brilliance {unknown}
 e - 2 potions of haste {unknown}
 j - a potion of curing {unknown}
 l - 2 potions of degeneration {unknown}
 o - a potion of mutation {unknown}


   Skills:
 + Level 4.8 Dodging
 + Level 5.2 Stealth
 + Level 5.4 Spellcasting
 + Level 5.9 Summonings


You had 9 spell levels left.
You knew the following spells:

 Your Spells              Type           Power      Damage    Failure   Level
a - Summon Small Mammal   Summ           100%       N/A       1%          1
b - Call Imp              Summ           60%        N/A       1%          2
c - Call Canine Familiar  Summ           30%        N/A       1%          3

Your spell library contained the following spells:

 Spells                   Type           Power      Damage    Failure   Level
 Cigotuvi's Dreadful Rot  Necr/Alch/Air  16%        N/A       6%          2
 Jinxbite                 Hex            10%        N/A       6%          2
 Sigil of Binding         Hex            5%         N/A       12%         3
 Martyr's Knell           Necr/Summ      27%        N/A       12%         4
 Summon Blazeheart Golem  Fire/Summ      18%        N/A       12%         4
 Summon Lightning Spire   Summ/Air       18%        N/A       12%         4
 Dimensional Bullseye     Hex/Tloc       2%         N/A       38%         4
 Dispel Undead            Necr           8%         3d8       38%         4
 Yara's Violent Unravell  Hex/Alch       2%         3d3       71%         5
 Death Channel            Necr           4%         N/A       99%         6
 Enfeeble                 Hex            2%         N/A       100%        7


Dungeon Overview and Level Annotations

Branches:
Dungeon (4/15)             Temple (1/1) D:4

Altars:
Ashenzari
Cheibriados
Dithmenos
Elyvilon
Fedhas
Gozag
Kikubaaqudgha
Makhleb
Nemelex Xobeh
Qazlal
Trog
Uskayaw
Vehumet
Wu Jian
Xom
Zin
The Shining One

Shops:
D:1 (


Message History

Your inugami hits the sleepcap.
Your cerulean imp hits the sleepcap but does no damage.
Your inugami hits the sleepcap but does no damage.
Your cerulean imp hits the sleepcap but does no damage.
Casting: Call Imp (safe; 1% risk of failure)
Confirm with . or Enter, or press ? or * to list all spells.
Your cerulean imp hits the sleepcap from afar with a -1 spear.
Casting: Summon Small Mammal (safe; 1% risk of failure)
Confirm with . or Enter, or press ? or * to list all spells.
Your cerulean imp hits the sleepcap from afar with a -1 spear.
Your rat bites the sleepcap but does no damage.
Your rat bites the sleepcap.
You hit the sleepcap but do no damage.
The sleepcap is heavily damaged.
The sleepcap releases spores at you!
You are engulfed in a cloud of soporific spores!
You fall asleep.
Your cerulean imp hits the sleepcap from afar with a -1 spear.
Your quokka bites the sleepcap but does no damage.
Your rat bites the sleepcap but does no damage.
Your inugami hits the sleepcap. The sleepcap releases spores at you!
You wake up.
Your quokka bites the sleepcap but does no damage.
Your cerulean imp hits the sleepcap but does no damage.
Your rat bites the sleepcap.
Your inugami hits the sleepcap!
Unknown command.
Your quokka bites the sleepcap but does no damage.
The sleepcap misses your rat.
Your cerulean imp hits the sleepcap from afar with a -1 spear.
The sleepcap is destroyed!
Vehumet accepts your kill.
Your cerulean imp disappears in a puff of smoke!
Your rat disappears in a puff of smoke!
Your quokka disappears in a puff of smoke!
Magic restored.
Your inugami disappears in a puff of smoke!
HP restored.
You now have 187 gold pieces (gained 12).
An iguana comes into view.
Are you sure you want to abandon this character and quit the game? (Confirm with "yes".)

##...#.#......##
.####.............#
..........#.###...#
..........###.#...#
............#.....#
..................#
....#...#.........#
#.....#...........#
#...!@............#
.....#..............#
##. #.#....##.....##
...##...#.......#
#... #...........#
#.... ##.####....
##.l# ..# #.. ..


You could see an iguana (asleep).

Vanquished Creatures
  An adder (D:2)
  A giant cockroach (D:1)
  A hobgoblin (D:2)
  A bat (D:1)
4 creatures vanquished.

Vanquished Creatures (collateral kills)
  Sigmund (D:3)
  A black bear (D:4)
  A sleepcap (D:4)
  Natasha (thrice) (D:3)
  4 adders
  A ribbon worm (D:3)
  4 ball pythons
  4 endoplasms
  2 giant cockroaches
  5 goblins
  8 hobgoblins
  6 jackals
  4 kobolds
  A quokka (D:1)
  2 bats (D:1)
  7 frilled lizards
  5 rats
59 creatures vanquished.

Grand Total: 63 creatures vanquished

Notes
Turn   | Place    | Note
-------+----------+-------------------------------------------
     0 | D:1      | groovy9 the Deep Elf Summoner began the quest for the Orb.
     0 | D:1      | Reached XP level 1. HP: 10/10 MP: 6/6
   378 | D:1      | Reached XP level 2. HP: 15/15 MP: 5/8
   381 | D:1      | Learned a level 2 spell: Call Imp
   848 | D:1      | Found Cashrep's Weapon Boutique.
  1495 | D:2      | Reached XP level 3. HP: 19/19 MP: 6/10
  2422 | D:3      | Learned a level 3 spell: Call Canine Familiar
  2606 | D:3      | Reached XP level 4. HP: 24/24 MP: 11/11
  2721 | D:3      | Noticed Natasha
  2730 | D:3      | Killed Natasha
  2731 | D:3      | Reached skill level 5 in Summonings
  2763 | D:3      | Noticed Sigmund
  2790 | D:3      | Killed Sigmund
  2791 | D:3      | Reached XP level 5. HP: 20/28 MP: 2/14
  2791 | D:3      | Reached XP level 6. HP: 23/32 MP: 2/15
  2913 | D:3      | Noticed Natasha
  2926 | D:3      | Killed Natasha
  2927 | D:3      | Reached skill level 5 in Spellcasting
  3023 | D:3      | Found the +2 ratskin cloak {*Rats rPois rN+ Str-1 Int-1
                  | Dex+1}
  3412 | D:3      | Noticed Natasha
  3426 | D:3      | Killed Natasha
  3495 | D:4      | Found a sparkling altar of Nemelex Xobeh.
  3553 | D:4      | Reached skill level 5 in Stealth
  3619 | D:4      | Found a staircase to the Ecumenical Temple.
  3660 | Temple   | Entered the Ecumenical Temple
  3710 | Temple   | Became a worshipper of Vehumet
  3854 | D:4      | Quit the game

Illustrated notes

Levels and vault maps discovered:
D:1:      saegor_arrival_simple_c, layout_loops_corners, serial_shops,
          shop_fountains, minmay_crystal_room, grunt_decor_fettered,
          ebering_dispersal_statue_hall, minmay_lizard_king
D:2:      layout_basic
D:3:      layout_basic, kennysheep_generic_room_15, uniq_sigmund, uniq_natasha
D:4:      layout_cave_pools, mainiacjoe_overflow_cross_hatched,
          minmay_temple_entry_junction, st_stairs_13
Temple:   eino_temple_rhombus

Skill      XL: |  1  2  3  4  5  6 |
---------------+-------------------+-----
Stealth        | 3 4 5 |  5.2
Dodging        | 3 4 |  4.8
Spellcasting   | 4 5 |  5.4
Summonings     | 5 |  5.9

Action                     |  1- 3 |  4- 6 || total
---------------------------+-------+-------++-------
  Melee: Short sword       |     4 |     1 ||     5
         Staff             |       |     2 ||     2
   Cast: Summon Small Mamm |    49 |    12 ||    61
         Call Imp          |    26 |    16 ||    42
         Call Canine Famil |     2 |    12 ||    14
 Armour: Robe              |     8 |    19 ||    27
  Dodge: Dodged            |    12 |     9 ||    21
